[Event "Czech Open-E Teams 2022"]
[Site "Pardubice"]
[Date "2022.07.16"]
[Round "5.38"]
[White "Volak, Simon"]
[Black "Postupa, Pavel"]
[Result "0-1"]
[ECO "B50"]
[WhiteElo "2082"]
[BlackElo "2235"]
[Annotator "ChessBase"]
[PlyCount "116"]
[EventDate "2022.07.14"]
[EventType "team-tourn"]
[EventCountry "CZE"]
[SourceTitle "playchess.com"]
[Source "ChessBase"]
[SourceQuality "1"]
[TimeControl "5400+30"]

1. e4 c5 2. Nf3 d6 3. c3 Nf6 4. h3 Nbd7 5. Bd3 b6 6. O-O Bb7 7. Re1 Qc7 8. Bc2 Rc8 9. d3 e6 10. Nbd2 Be7 11. Nf1 O-O 12. Ng3 Rfd8 13. Bf4 b5 14. Rc1 Nf8 15. Qe2 Ng6 16. Bd2 Qb8 17. Nh2 d5 18. e5 Nd7 19. d4 cxd4 20. cxd4 Rc4 21. Nf3 Rdc8 22. Bd3 Rxc1 23. Rxc1 Rxc1+ 24. Bxc1 Qc7 25. Bd2 b4 26. Ng5 Qb6 27. Nf3 b3 28. axb3 Qxb3 29. Bc1 Nb8 30. Bc2 Qb6 31. Qd1 Nc6 32. Ne2 Na5 33. Nc3 Bc6 34. Na4 Qb8 35. Nc3 Qb4 36. Na2 Qb6 37. Nc3 Nc4 38. b3 Na5 39. Na4 Bxa4 40. bxa4 Nc4 41. Bb3 Na5 42. Bc2 Bb4 43. Bd2 Bxd2 44. Qxd2 Nc4 45. Qc1 Nf8 46. Bd3 Nb2 47. Bb5 Nc4 48. Bxc4 dxc4 49. Qxc4 h6 50. Nd2 Qb2 51. Nf3 Ng6 52. g3 Ne7 53. Kg2 Nd5 54. Qc8+ Kh7 55. g4 Nf4+ 56. Kg3 Nd3 57. g5 Qxf2+ 58. Kg4 h5+ 0-1

[Event "Czech Open-E Teams 2022"]
[Site "Pardubice"]
[Date "2022.07.16"]
[Round "5.39"]
[White "Vokoun, Jan"]
[Black "Daniel, Jiri"]
[Result "1/2-1/2"]
[ECO "A56"]
[WhiteElo "2056"]
[BlackElo "1938"]
[Annotator "ChessBase"]
[PlyCount "41"]
[EventDate "2022.07.14"]
[EventType "team-tourn"]
[EventCountry "CZE"]
[SourceTitle "playchess.com"]
[Source "ChessBase"]
[SourceQuality "1"]
[TimeControl "5400+30"]

1. d4 Nf6 2. c4 c5 3. Nf3 cxd4 4. Nxd4 Nc6 5. Nc3 g6 6. Nc2 Bg7 7. e4 d6 8. f3 b6 9. Be3 Bb7 10. Qd2 h5 11. Be2 Qd7 12. O-O O-O 13. Bh6 Kh7 14. Bxg7 Kxg7 15. Rfe1 Rac8 16. b3 Rh8 17. Rad1 Qe6 18. Nd4 Nxd4 19. Qxd4 Qe5 20. Qd2 g5 21. Nd5 1/2-1/2

[Event "Czech Open-E Teams 2022"]
[Site "Pardubice"]
[Date "2022.07.16"]
[Round "5.40"]
[White "Kacirek, Pavel"]
[Black "Postupa, Martin"]
[Result "1-0"]
[ECO "D05"]
[WhiteElo "1859"]
[BlackElo "2023"]
[Annotator "ChessBase"]
[PlyCount "96"]
[EventDate "2022.07.14"]
[EventType "team-tourn"]
[EventCountry "CZE"]
[SourceTitle "playchess.com"]
[Source "ChessBase"]
[SourceQuality "1"]
[TimeControl "5400+30"]

1. d4 d5 2. Nf3 Nf6 3. e3 e6 4. Be2 Bb4+ 5. c3 Be7 6. b3 O-O 7. O-O b6 8. Bb2 c5 9. c4 Bb7 10. Nc3 Nbd7 11. cxd5 exd5 12. dxc5 bxc5 13. Rc1 Rc8 14. Qd2 h6 15. Rfd1 Qb6 16. Na4 Qe6 17. Qa5 a6 18. h3 Rc6 19. Qd2 Rfc8 20. Nc3 R6c7 21. Ba3 Nb6 22. Bb2 Bf8 23. Ba3 Qe8 24. Bb2 c4 25. Nd4 cxb3 26. axb3 Bb4 27. Qd3 Nbd7 28. Na4 Ne5 29. Qb1 Bd6 30. Rxc7 Rxc7 31. Rc1 Ned7 32. Rxc7 Bxc7 33. Qf5 Bc8 34. Qc2 Ba5 35. Nc6 Bb6 36. Nxb6 Nxb6 37. Bxf6 gxf6 38. Nd4 Qd8 39. Qc6 Kg7 40. Bd3 Kg8 41. b4 Kg7 42. Bf5 Bxf5 43. Nxf5+ Kg6 44. Nd6 Kg7 45. Nb7 Qc8 46. Qxb6 Qc3 47. Qd6 Qe1+ 48. Kh2 Qxf2 1-0

[Event "Czech Open-E Teams 2022"]
[Site "Pardubice"]
[Date "2022.07.16"]
[Round "5.41"]
[White "Slampa, Jan"]
[Black "Dolensky, Filip"]
[Result "1/2-1/2"]
[ECO "B07"]
[WhiteElo "2254"]
[BlackElo "2051"]
[Annotator "ChessBase"]
[PlyCount "110"]
[EventDate "2022.07.14"]
[EventType "team-tourn"]
[EventCountry "CZE"]
[SourceTitle "playchess.com"]
[Source "ChessBase"]
[SourceQuality "1"]
[TimeControl "5400+30"]

1. d4 d6 2. e4 Nf6 3. Nc3 Nbd7 4. Nf3 e5 5. Bc4 Be7 6. O-O h6 7. a4 c6 8. Qe2 Qc7 9. a5 g5 10. Be3 Nf8 11. b4 Bg4 12. b5 Ng6 13. a6 O-O 14. axb7 Qxb7 15. h3 Bxf3 16. Qxf3 a6 17. bxc6 Qxc6 18. Nd5 Qxc4 19. Nxe7+ Nxe7 20. Qxf6 Ng6 21. h4 Rfe8 22. hxg5 Re6 23. Qf3 exd4 24. Bc1 hxg5 25. Bxg5 Qxc2 26. e5 Rae8 27. exd6 Rxd6 28. Rfc1 Qe4 29. Rc8 Rde6 30. Qxe4 Rxe4 31. Rxe8+ Rxe8 32. Rxa6 Re6 33. Ra8+ Kg7 34. Rd8 Ne5 35. Rxd4 Rg6 36. f4 Ng4 37. Rd2 Re6 38. Bh4 Rc6 39. Kf1 Kg6 40. Ke2 Kf5 41. g3 f6 42. Ra2 Rc5 43. Kd3 Rd5+ 44. Kc3 Rb5 45. Kc4 Rb1 46. Ra5+ Ke4 47. Kc5 Rd1 48. Ra6 Kf5 49. Kc6 Kg6 50. Ra5 Nh6 51. Rd5 Rc1+ 52. Kd7 Nf5 53. Ke6 Re1+ 54. Kd7 Re7+ 55. Kd8 Rh7 1/2-1/2

[Event "Czech Open-E Teams 2022"]
[Site "Pardubice"]
[Date "2022.07.16"]
[Round "5.42"]
[White "Hurtik, Matej"]
[Black "Jedlicka, Ales"]
[Result "1/2-1/2"]
[ECO "B53"]
[WhiteElo "2018"]
[BlackElo "2216"]
[Annotator "ChessBase"]
[PlyCount "47"]
[EventDate "2022.07.14"]
[EventType "team-tourn"]
[EventCountry "CZE"]
[SourceTitle "playchess.com"]
[Source "ChessBase"]
[SourceQuality "1"]
[TimeControl "5400+30"]

1. e4 c5 2. d4 cxd4 3. Nf3 d6 4. Qxd4 a6 5. c4 Nc6 6. Qe3 Nf6 7. Nc3 g6 8. h3 Bg7 9. Be2 O-O 10. O-O Nd7 11. b3 Nde5 12. Bb2 Nxf3+ 13. Bxf3 Nd4 14. Rad1 Nxf3+ 15. Qxf3 Qa5 16. Rd5 Qc7 17. Re1 Rb8 18. e5 dxe5 19. Rdxe5 Be6 20. R5e2 b5 21. cxb5 axb5 22. Nd5 Bxd5 23. Qxd5 e6 24. Qe4 1/2-1/2

[Event "Czech Open-E Teams 2022"]
[Site "Pardubice"]
[Date "2022.07.16"]
[Round "5.43"]
[White "Babicka, Michal"]
[Black "Hofman, Krystof"]
[Result "1/2-1/2"]
[ECO "B08"]
[WhiteElo "1989"]
[BlackElo "1972"]
[Annotator "ChessBase"]
[PlyCount "106"]
[EventDate "2022.07.14"]
[EventType "team-tourn"]
[EventCountry "CZE"]
[SourceTitle "playchess.com"]
[Source "ChessBase"]
[SourceQuality "1"]
[TimeControl "5400+30"]

1. e4 d6 2. d4 Nf6 3. Nc3 g6 4. Nf3 Bg7 5. Bc4 c5 6. O-O cxd4 7. Nxd4 O-O 8. Bb3 Nc6 9. h3 Bd7 10. Be3 a6 11. a3 Rc8 12. Nxc6 Bxc6 13. Qd3 Nd7 14. Bd4 Ne5 15. Qd2 b5 16. f4 Nc4 17. Bxc4 bxc4 18. Bxg7 Kxg7 19. Qd4+ Kg8 20. f5 Bd7 21. Nd5 f6 22. Rf3 Kf7 23. Raf1 g5 24. Rc3 Bb5 25. a4 Bc6 26. Rxc4 Bxd5 27. Qxd5+ Kg7 28. b3 Qb6+ 29. Kh2 Rxc4 30. Qxc4 Qb7 31. Qe2 Rc8 32. h4 h6 33. Rd1 Rc5 34. Rd4 a5 35. Qh5 Rxc2 36. Qg6+ Kf8 37. Qxh6+ Ke8 38. hxg5 Qxb3 39. Qg6+ Kd7 40. gxf6 Qe3 41. fxe7 Qf4+ 42. Kh3 Rc3+ 43. g3 Qf1+ 44. Kh4 Qh1+ 45. Kg4 Qf3+ 46. Kh4 Qh1+ 47. Kg4 Qf3+ 48. Kh4 Qh1+ 49. Kg4 Qf3+ 50. Kh4 Qh1+ 51. Kg4 Qf3+ 52. Kg5 Qxg3+ 53. Kh6 Qh4+ 1/2-1/2

[Event "Czech Open-E Teams 2022"]
[Site "Pardubice"]
[Date "2022.07.16"]
[Round "5.44"]
[White "Dolensky, Milan"]
[Black "Popper, Tomas"]
[Result "1-0"]
[ECO "C41"]
[WhiteElo "2073"]
[BlackElo "2063"]
[Annotator "ChessBase"]
[PlyCount "71"]
[EventDate "2022.07.14"]
[EventType "team-tourn"]
[EventCountry "CZE"]
[SourceTitle "playchess.com"]
[Source "ChessBase"]
[SourceQuality "1"]
[TimeControl "5400+30"]

1. e4 e5 2. Nf3 d6 3. Bc4 Be7 4. d3 Nf6 5. c3 O-O 6. Nbd2 c6 7. Qe2 Nbd7 8. Bb3 Nc5 9. Bc2 Ne6 10. Nf1 Re8 11. h3 Bf8 12. g4 g6 13. Ng3 Nf4 14. Qf1 Qc7 15. Ne2 Ne6 16. Qg2 d5 17. O-O Bg7 18. Qg3 dxe4 19. dxe4 Nc5 20. Nd2 Be6 21. b4 Ncd7 22. Nd4 Nf8 23. Re1 Rac8 24. N4f3 N6d7 25. Nf1 Nb6 26. Kh2 Bc4 27. Ne3 Ne6 28. a4 Ba6 29. Bb3 Bd3 30. a5 Nd7 31. Nf5 Bf8 32. Bxe6 fxe6 33. Nh6+ Kg7 34. Bg5 Be7 35. Rad1 Bc4 36. Rxd7 1-0

[Event "Czech Open-E Teams 2022"]
[Site "Pardubice"]
[Date "2022.07.17"]
[Round "6.1"]
[White "Vykouk, Jan"]
[Black "Polak, Tomas"]
[Result "0-1"]
[ECO "C43"]
[WhiteElo "2476"]
[BlackElo "2512"]
[Annotator "ChessBase"]
[PlyCount "82"]
[EventDate "2022.07.14"]
[EventType "team-tourn"]
[EventCountry "CZE"]
[SourceTitle "playchess.com"]
[Source "ChessBase"]
[SourceQuality "1"]
[TimeControl "5400+30"]

1. e4 e5 2. Nf3 Nf6 3. d4 Nxe4 4. Bd3 Nc6 5. Nxe5 Nxe5 6. dxe5 d5 7. Nc3 Bb4 8. O-O Bxc3 9. bxc3 O-O 10. c4 Be6 11. Qh5 f5 12. Ba3 Rf7 13. Rad1 Nc3 14. Rd2 d4 15. f3 b6 16. g4 g6 17. Qh6 c5 18. h4 Qf8 19. Qg5 Qe7 20. Qh6 fxg4 21. h5 g5 22. Rg2 gxf3 23. Rxg5+ Kh8 24. Kf2 Bxc4 25. Bc1 Bxd3 26. cxd3 Ne2 27. Bd2 Re8 28. Rh1 Qe6 29. Qxe6 Rxe6 30. Rh4 b5 31. Rhg4 Rf8 32. Ba5 Nc1 33. Bc7 Nxd3+ 34. Kf1 h6 35. Rg6 Rfe8 36. Bd6 Rxg6 37. hxg6 Kg7 38. Rg3 c4 39. Rxf3 Nxe5 40. Rf5 Nd3 41. Rxb5 c3 0-1

[Event "Czech Open-E Teams 2022"]
[Site "Pardubice"]
[Date "2022.07.17"]
[Round "6.2"]
[White "Nemec, Jachym"]
[Black "Simacek, Pavel"]
[Result "0-1"]
[ECO "E47"]
[WhiteElo "2357"]
[BlackElo "2458"]
[Annotator "ChessBase"]
[PlyCount "128"]
[EventDate "2022.07.14"]
[EventType "team-tourn"]
[EventCountry "CZE"]
[SourceTitle "playchess.com"]
[Source "ChessBase"]
[SourceQuality "1"]
[TimeControl "5400+30"]

1. d4 Nf6 2. c4 e6 3. Nc3 Bb4 4. e3 O-O 5. Bd3 c5 6. Nf3 b6 7. Bd2 Bb7 8. O-O d6 9. a3 Bxc3 10. Bxc3 Ne4 11. Bxe4 Bxe4 12. Qe2 Nd7 13. Rfd1 Qe7 14. Nd2 Bc2 15. Re1 Bg6 16. e4 Rfe8 17. f3 Rac8 18. Rad1 Nb8 19. d5 e5 20. Nf1 Nd7 21. Ne3 Rf8 22. Qd3 Qg5 23. Bd2 Qe7 24. Kh1 Nf6 25. g4 h5 26. Nf5 Qd7 27. h3 hxg4 28. hxg4 Nh7 29. Re2 f6 30. Rh2 Kf7 31. Kg2 Rg8 32. Rdh1 Nf8 33. Ng3 Rb8 34. b4 Rc8 35. b5 Ra8 36. Rb1 a6 37. Rhh1 axb5 38. Rxb5 Ra6 39. a4 Rxa4 40. Rxb6 Qe7 41. Rhb1 Ra7 42. Qc3 Nd7 43. Rb7 Rga8 44. Nf1 Qd8 45. Ne3 Qc8 46. R7b3 Kg8 47. Kf2 Qc7 48. R1b2 Kf8 49. Ke2 Be8 50. Nf5 g6 51. Ne3 Kg8 52. Nc2 Nf8 53. Ne3 Ba4 54. Rb6 Nd7 55. Rc6 Bxc6 56. dxc6 Qxc6 57. Nd5 Kf7 58. Qe3 Rh8 59. Qf2 Qa4 60. Kd3 Qd1 61. Nc3 Ra3 62. Rb7 Ke6 63. Qg2 Rha8 64. Ke3 Qc2 0-1

[Event "Czech Open-E Teams 2022"]
[Site "Pardubice"]
[Date "2022.07.17"]
[Round "6.3"]
[White "Kraus, Tomas"]
[Black "Kusa, Jakub"]
[Result "1/2-1/2"]
[ECO "A01"]
[WhiteElo "2488"]
[BlackElo "2353"]
[Annotator "ChessBase"]
[PlyCount "69"]
[EventDate "2022.07.14"]
[EventType "team-tourn"]
[EventCountry "CZE"]
[SourceTitle "playchess.com"]
[Source "ChessBase"]
[SourceQuality "1"]
[TimeControl "5400+30"]

1. b3 d5 2. Bb2 Nf6 3. Nf3 e6 4. e3 c5 5. d4 Nc6 6. Nbd2 Be7 7. a3 O-O 8. Bd3 b6 9. O-O Bb7 10. Qe2 Rc8 11. Rfd1 Qc7 12. dxc5 Bxc5 13. b4 Bd6 14. c4 Ne5 15. Rac1 Qb8 16. cxd5 Bxd5 17. e4 Rxc1 18. Rxc1 Bb7 19. Bb1 Rc8 20. Rxc8+ Bxc8 21. Nd4 Ned7 22. g3 Bb7 23. Nc4 Be7 24. f3 Ne8 25. Qd3 Ne5 26. Nxe5 Qxe5 27. Bc3 Qb8 28. Ba2 Qc8 29. Kf2 Nd6 30. e5 Ba6 31. Qc2 Nb5 32. Bb1 g6 33. Nxb5 Bxb5 34. Bd4 Qd7 35. Qc3 1/2-1/2

[Event "Czech Open-E Teams 2022"]
[Site "Pardubice"]
[Date "2022.07.17"]
[Round "6.4"]
[White "Pisk, Petr"]
[Black "Studnicka, Tomas"]
[Result "1/2-1/2"]
[ECO "B27"]
[WhiteElo "2329"]
[BlackElo "2316"]
[Annotator "ChessBase"]
[PlyCount "24"]
[EventDate "2022.07.14"]
[EventType "team-tourn"]
[EventCountry "CZE"]
[SourceTitle "playchess.com"]
[Source "ChessBase"]
[SourceQuality "1"]
[TimeControl "5400+30"]

1. e4 c5 2. Nf3 g6 3. d4 cxd4 4. Nxd4 Bg7 5. Nb3 Nc6 6. Be2 Nf6 7. Nc3 O-O 8. Bg5 d6 9. Qd2 a5 10. a4 Be6 11. O-O Bxb3 12. cxb3 Qb6 1/2-1/2

[Event "Czech Open-E Teams 2022"]
[Site "Pardubice"]
[Date "2022.07.17"]
[Round "6.5"]
[White "Sramek, Vojtech"]
[Black "Stalmach, Richard"]
[Result "0-1"]
[ECO "B47"]
[WhiteElo "2249"]
[BlackElo "2363"]
[Annotator "ChessBase"]
[PlyCount "78"]
[EventDate "2022.07.14"]
[EventType "team-tourn"]
[EventCountry "CZE"]
[SourceTitle "playchess.com"]
[Source "ChessBase"]
[SourceQuality "1"]
[TimeControl "5400+30"]

1. e4 c5 2. Nf3 e6 3. d4 cxd4 4. Nxd4 Nc6 5. Nc3 Qc7 6. Qd3 a6 7. Nxc6 bxc6 8. Qg3 Qxg3 9. hxg3 d5 10. Be3 Nf6 11. exd5 cxd5 12. O-O-O Bd7 13. Be2 Be7 14. g4 Bc6 15. g5 Nd7 16. f4 O-O 17. Bd3 g6 18. Bd4 e5 19. Bxe5 Nxe5 20. fxe5 Bxg5+ 21. Kb1 Bf4 22. Rhe1 Rfe8 23. Bf1 d4 24. Rxd4 Bxe5 25. Rdd1 Bxc3 26. bxc3 h5 27. c4 h4 28. Kb2 Rxe1 29. Rxe1 Kg7 30. Kc3 Kf6 31. Rb1 Ke5 32. Rb6 Be4 33. c5 g5 34. Kb4 g4 35. Ka5 Rc8 36. Kxa6 Rxc5 37. c4 f5 38. Rb3 f4 39. Kb6 Kd4 0-1

[Event "Czech Open-E Teams 2022"]
[Site "Pardubice"]
[Date "2022.07.17"]
[Round "6.6"]
[White "Mica, Marek"]
[Black "Kostka, Vit"]
[Result "1/2-1/2"]
[ECO "E06"]
[WhiteElo "2304"]
[BlackElo "2168"]
[Annotator "ChessBase"]
[PlyCount "111"]
[EventDate "2022.07.14"]
[EventType "team-tourn"]
[EventCountry "CZE"]
[SourceTitle "playchess.com"]
[Source "ChessBase"]
[SourceQuality "1"]
[TimeControl "5400+30"]

1. d4 d5 2. c4 e6 3. Nf3 Nf6 4. g3 Be7 5. Bg2 O-O 6. O-O dxc4 7. Qc2 a6 8. a4 Bd7 9. Qxc4 Bc6 10. Bf4 Nbd7 11. Nc3 Nb6 12. Qb3 Nbd5 13. Bd2 Nxc3 14. bxc3 b5 15. axb5 axb5 16. Bf4 Bd6 17. Bg5 Qd7 18. Bxf6 gxf6 19. Qc2 Ra4 20. e4 Rfa8 21. Rae1 Ra2 22. Qc1 Bf8 23. Qf4 Bg7 24. d5 Bb7 25. Bh3 Qe7 26. Qg4 Bc8 27. dxe6 fxe6 28. Qh5 c5 29. Rb1 Bd7 30. Qh4 R8a4 31. Qf4 f5 32. Qb8+ Qf8 33. Qxf8+ Kxf8 34. exf5 exf5 35. Rfd1 Ra7 36. Rd5 Bxc3 37. Rxc5 b4 38. Bxf5 Ra1 39. Rxa1 Rxa1+ 40. Kg2 Bxf5 41. Rxf5+ Ke7 42. Rb5 Kd6 43. Ne5 Bxe5 44. Rxb4 Ra2 45. Rb7 Bd4 46. Rf7 Ke6 47. Rf4 Be5 48. Rf3 Bd4 49. h4 h5 50. Rf4 Ke5 51. Rf8 Ke4 52. Rf4+ Ke5 53. Rf7 Ke4 54. Rf8 Rb2 55. Rf4+ Ke5 56. Rf8 1/2-1/2

[Event "Czech Open-E Teams 2022"]
[Site "Pardubice"]
[Date "2022.07.17"]
[Round "6.7"]
[White "Lojek, Marek"]
[Black "Frank, Adam"]
[Result "1-0"]
[ECO "B07"]
[WhiteElo "2142"]
[BlackElo "2313"]
[Annotator "ChessBase"]
[PlyCount "91"]
[EventDate "2022.07.14"]
[EventType "team-tourn"]
[EventCountry "CZE"]
[SourceTitle "playchess.com"]
[Source "ChessBase"]
[SourceQuality "1"]
[TimeControl "5400+30"]

1. e4 d6 2. d4 Nf6 3. Nc3 g6 4. Bc4 Bg7 5. Nf3 O-O 6. O-O c6 7. e5 Ng4 8. Bf4 b5 9. Bb3 a5 10. a4 b4 11. Ne4 dxe5 12. dxe5 Qc7 13. Re1 Nxe5 14. Neg5 Nxf3+ 15. Qxf3 e5 16. Be3 Qe7 17. Rad1 Bf5 18. Nxf7 Be6 19. Bxe6 Qxe6 20. Ng5 Qf5 21. Qe2 h6 22. Qc4+ Kh8 23. Ne6 Qf7 24. Qg4 Re8 25. Nxg7 Qxg7 26. Rd6 Kh7 27. h4 h5 28. Qh3 c5 29. Bxc5 Ra6 30. Red1 Rxd6 31. Rxd6 Qf7 32. Qd3 Rc8 33. Ba7 Qf5 34. Qd5 Rf8 35. Qb7+ Kh8 36. Qc7 Qc8 37. Bxb8 Qxb8 38. Qe7 Qe8 39. Qxe8 Rxe8 40. Rxg6 Rc8 41. Rg5 Rxc2 42. Rxh5+ Kg7 43. Rxe5 Rxb2 44. Rxa5 Ra2 45. Ra6 b3 46. Rb6 1-0

[Event "Czech Open-E Teams 2022"]
[Site "Pardubice"]
[Date "2022.07.17"]
[Round "6.8"]
[White "Gnojek, Petr"]
[Black "Husek, Martin"]
[Result "0-1"]
[ECO "E32"]
[WhiteElo "2295"]
[BlackElo "2132"]
[Annotator "ChessBase"]
[PlyCount "154"]
[EventDate "2022.07.14"]
[EventType "team-tourn"]
[EventCountry "CZE"]
[SourceTitle "playchess.com"]
[Source "ChessBase"]
[SourceQuality "1"]
[TimeControl "5400+30"]

1. d4 Nf6 2. c4 e6 3. Nc3 Bb4 4. Qc2 O-O 5. a3 Bxc3+ 6. Qxc3 d6 7. Bg5 Nbd7 8. e3 b6 9. Bd3 Bb7 10. f3 h6 11. Bh4 e5 12. Ne2 e4 13. fxe4 Qe8 14. e5 dxe5 15. d5 c6 16. dxc6 Bxc6 17. O-O Ne4 18. Bxe4 Bxe4 19. Ng3 Bh7 20. Nf5 Bxf5 21. Rxf5 Qe6 22. e4 Rac8 23. b3 b5 24. Rc1 f6 25. Bf2 bxc4 26. bxc4 Rc6 27. Rf3 Rfc8 28. Qb3 Nb6 29. c5 Qxb3 30. Rxb3 Nd7 31. Kf1 Nf8 32. g3 Ne6 33. Ke2 Nxc5 34. Rb4 a5 35. Bxc5 axb4 36. axb4 Rd6 37. Ra1 Rd7 38. Ra6 Kf7 39. Ra3 Rcd8 40. b5 Rd2+ 41. Ke3 Rb2 42. b6 Rc8 43. Ra5 Rb3+ 44. Kd2 Ke6 45. g4 Kd7 46. Ra7+ Kc6 47. Be3 Rd8+ 48. Ke2 Rb2+ 49. Kf3 Rd3 50. Rc7+ Kd6 51. Rc8 Kd7 52. Rc7+ Kd8 53. Rxg7 Rbb3 54. Kf2 Rxe3 55. Rg8+ Kd7 56. b7 Rxe4 57. b8=Q Rxb8 58. Rxb8 Rxg4 59. Rh8 Rg6 60. h4 f5 61. h5 Rd6 62. Rh7+ Kc6 63. Rf7 f4 64. Kf3 Kd5 65. Kg4 Ke4 66. Rg7 f3 67. Rf7 Rd1 68. Rxf3 Rg1+ 69. Rg3 Rxg3+ 70. Kxg3 Ke3 71. Kg4 e4 72. Kf5 Kf3 73. Kg6 e3 74. Kxh6 e2 75. Kg7 e1=Q 76. h6 Qe7+ 77. Kg8 Qg5+ 0-1

[Event "Czech Open-E Teams 2022"]
[Site "Pardubice"]
[Date "2022.07.17"]
[Round "6.9"]
[White "Cerveny, Martin"]
[Black "Vavra, Pavel"]
[Result "1/2-1/2"]
[ECO "A40"]
[WhiteElo "2396"]
[BlackElo "2317"]
[Annotator "ChessBase"]
[PlyCount "54"]
[EventDate "2022.07.14"]
[EventType "team-tourn"]
[EventCountry "CZE"]
[SourceTitle "playchess.com"]
[Source "ChessBase"]
[SourceQuality "1"]
[TimeControl "5400+30"]

1. d4 e6 2. c4 b6 3. Nf3 Bb7 4. g3 Bb4+ 5. Bd2 Bxf3 6. exf3 Bxd2+ 7. Nxd2 Ne7 8. Bg2 Nbc6 9. f4 d5 10. cxd5 Nxd5 11. Rc1 Nce7 12. O-O O-O 13. Nf3 Qd6 14. Rc4 Rac8 15. Qc2 c6 16. Rc1 Rc7 17. a3 h6 18. b4 Rfc8 19. h4 b5 20. Rc5 Nb6 21. Qe2 Nd7 22. R5c2 Nf5 23. Qd1 Nf6 24. Ne5 Qxd4 25. Rd2 Qb6 26. Rd8+ Kh7 27. h5 Nxg3 1/2-1/2

[Event "Czech Open-E Teams 2022"]
[Site "Pardubice"]
[Date "2022.07.17"]
[Round "6.10"]
[White "Bartos, Jan"]
[Black "Szotkowski, Jakub"]
[Result "0-1"]
[ECO "A46"]
[WhiteElo "2142"]
[BlackElo "2344"]
[Annotator "ChessBase"]
[PlyCount "94"]
[EventDate "2022.07.14"]
[EventType "team-tourn"]
[EventCountry "CZE"]
[SourceTitle "playchess.com"]
[Source "ChessBase"]
[SourceQuality "1"]
[TimeControl "5400+30"]

1. d4 Nf6 2. Nf3 c5 3. e3 e6 4. dxc5 Bxc5 5. c4 O-O 6. a3 Qa5+ 7. Qd2 Qxd2+ 8. Nbxd2 b6 9. Be2 Bb7 10. O-O Be7 11. b3 Na6 12. Bb2 Nc5 13. Rac1 Rac8 14. b4 Nce4 15. Nxe4 Nxe4 16. Rfd1 Rfd8 17. Nd2 Bf6 18. Bxf6 Nxf6 19. Nb3 Kf8 20. Nd4 Ke7 21. Nb5 a5 22. Nd6 Rb8 23. Nxb7 Rxb7 24. Rb1 Rdb8 25. Bf3 Ra7 26. c5 axb4 27. Rxb4 Rxa3 28. cxb6 d5 29. g3 Rb7 30. Rc1 Ra6 31. Rc7+ Rxc7 32. bxc7 Rc6 33. Rb7 Nd7 34. Be2 Kd6 35. Rb8 Rxc7 36. Rh8 Nf6 37. h4 e5 38. g4 h6 39. g5 hxg5 40. hxg5 Ne4 41. g6 f5 42. Bd3 Ke7 43. Bxe4 dxe4 44. Rh3 Kf6 45. Rg3 f4 46. Rg2 Rc1+ 47. Kh2 Rc2 0-1

[Event "Czech Open-E Teams 2022"]
[Site "Pardubice"]
[Date "2022.07.17"]
[Round "6.11"]
[White "Chytilek, Roman"]
[Black "Pokorny, Petr"]
[Result "1/2-1/2"]
[ECO "A06"]
[WhiteElo "2317"]
[BlackElo "2139"]
[Annotator "ChessBase"]
[PlyCount "35"]
[EventDate "2022.07.14"]
[EventType "team-tourn"]
[EventCountry "CZE"]
[SourceTitle "playchess.com"]
[Source "ChessBase"]
[SourceQuality "1"]
[TimeControl "5400+30"]

1. Nf3 d5 2. e3 c6 3. c4 e6 4. b3 Nf6 5. Nc3 Bd6 6. d4 O-O 7. Be2 b6 8. O-O Nbd7 9. Bb2 Bb7 10. Bd3 Qe7 11. Qe2 Rac8 12. a4 a5 13. Rad1 Rfd8 14. h3 h6 15. Rc1 Ba3 16. cxd5 Nxd5 17. Nxd5 cxd5 18. Bb5 1/2-1/2

[Event "Czech Open-E Teams 2022"]
[Site "Pardubice"]
[Date "2022.07.17"]
[Round "6.12"]
[White "Hruska, Jan"]
[Black "Vyskocil, Neklan"]
[Result "0-1"]
[ECO "A28"]
[WhiteElo "2145"]
[BlackElo "2286"]
[Annotator "ChessBase"]
[PlyCount "94"]
[EventDate "2022.07.14"]
[EventType "team-tourn"]
[EventCountry "CZE"]
[SourceTitle "playchess.com"]
[Source "ChessBase"]
[SourceQuality "1"]
[TimeControl "5400+30"]

1. c4 Nf6 2. Nc3 e5 3. Nf3 Nc6 4. d3 Bb4 5. Bd2 O-O 6. g3 Re8 7. e4 d6 8. Nd5 Bxd2+ 9. Qxd2 Bg4 10. Be2 Bxf3 11. Bxf3 Nxd5 12. cxd5 Nd4 13. Bg2 c6 14. dxc6 bxc6 15. O-O Qb6 16. h4 Rab8 17. b3 Qb4 18. Rad1 Qxd2 19. Rxd2 a5 20. f4 Rb4 21. fxe5 Rxe5 22. Rdf2 f6 23. Rc1 Kf7 24. Bf3 Ke7 25. Bd1 Kd7 26. Rc4 Kc7 27. a3 Rxc4 28. bxc4 f5 29. Bf3 Kb6 30. Bg2 Kc5 31. Rb2 h6 32. Kf2 g5 33. hxg5 hxg5 34. exf5 Rxf5+ 35. Ke3 Re5+ 36. Kf2 a4 37. Be4 Nb3 38. Kf3 Kd4 39. Bxc6 Kc3 40. Rh2 Nd4+ 41. Kg4 Nxc6 42. Rh6 Re3 43. Rxd6 Ne5+ 44. Kf5 Nxd3 45. g4 Re5+ 46. Kf6 Rc5 47. Rd5 Kxc4 0-1

[Event "Czech Open-E Teams 2022"]
[Site "Pardubice"]
[Date "2022.07.17"]
[Round "6.13"]
[White "Vyprachticky, David"]
[Black "Sprenar, Petr"]
[Result "1-0"]
[ECO "B47"]
[WhiteElo "2302"]
[BlackElo "2276"]
[Annotator "ChessBase"]
[PlyCount "113"]
[EventDate "2022.07.14"]
[EventType "team-tourn"]
[EventCountry "CZE"]
[SourceTitle "playchess.com"]
[Source "ChessBase"]
[SourceQuality "1"]
[TimeControl "5400+30"]

1. e4 c5 2. Nf3 e6 3. d4 cxd4 4. Nxd4 Nc6 5. Nc3 Qc7 6. g3 a6 7. Bg2 Nf6 8. O-O Nxd4 9. Qxd4 Bc5 10. Bf4 d6 11. Qd3 h6 12. Rad1 e5 13. Be3 Be6 14. Bxc5 dxc5 15. Nd5 Bxd5 16. exd5 Qd6 17. f4 exf4 18. Rde1+ Kf8 19. Rxf4 Re8 20. Rxe8+ Kxe8 21. b4 Kd8 22. bxc5 Qxc5+ 23. Qd4 Qxd4+ 24. Rxd4 Re8 25. Kf2 h5 26. h3 Re5 27. Rb4 b5 28. a4 Rf5+ 29. Bf3 bxa4 30. Rxa4 Kc7 31. Rxa6 Nxd5 32. Ra5 Kd6 33. c4 Ne7 34. Rxf5 Nxf5 35. Bxh5 g6 36. Bg4 Nd4 37. Bf3 Kc5 38. Bd5 f6 39. h4 Nf5 40. Bf7 g5 41. h5 Kd4 42. Kf3 Nh6 43. Bd5 f5 44. Be6 Ke5 45. Bd7 Ng8 46. c5 Nh6 47. c6 Kd6 48. Bxf5 Kxc6 49. Ke4 Kd6 50. Bh3 g4 51. Bxg4 Nxg4 52. Kf5 Ne3+ 53. Kg6 Ke6 54. h6 Ng4 55. h7 Ne5+ 56. Kg7 Nf7 57. g4 1-0

[Event "Czech Open-E Teams 2022"]
[Site "Pardubice"]
[Date "2022.07.17"]
[Round "6.14"]
[White "Tichy, Stepan"]
[Black "Oresky, Jan"]
[Result "1/2-1/2"]
[ECO "D02"]
[WhiteElo "2207"]
[BlackElo "2274"]
[Annotator "ChessBase"]
[PlyCount "20"]
[EventDate "2022.07.14"]
[EventType "team-tourn"]
[EventCountry "CZE"]
[SourceTitle "playchess.com"]
[Source "ChessBase"]
[SourceQuality "1"]
[TimeControl "5400+30"]

1. d4 d5 2. Nf3 Nf6 3. Bf4 c5 4. c3 e6 5. e3 Nc6 6. Bd3 Be7 7. Ne5 Nxe5 8. Bxe5 Bd7 9. Nd2 c4 10. Bc2 b5 1/2-1/2